 Dungeon Crawl Stone Soup version 0.20-a0-463-g5747544 (webtiles) character file.

900 ololoev the Sneak (level 7, -8/32 HPs)
             Began as a Spriggan Fire Elementalist on Jan 10, 2017.
             Was an Initiate of Vehumet.
             Killed from afar by sergedm's ghost (26 damage)
             ... with an orb of energy
             ... on level 4 of the Dungeon.
             The game lasted 00:16:14 (4970 turns).

ololoev the Sneak (Spriggan Fire Elementalist)      Turns: 4970, Time: 00:16:16

Health: -8/32      AC:  1    Str:  4    XL:     7   Next: 79%
Magic:  15/15      EV: 20    Int: 18    God:    Vehumet [......]
Gold:   183        SH:  0    Dex: 17    Spells: 4/15 levels left

rFire  + . .     SeeInvis +     a - +0 dagger
rCold  . . .     Gourm    .     j - +0 robe
rNeg   . . .     Faith    .     (shield restricted)
rPois  +         Spirit   .     (helmet restricted)
rElec  .         Reflect  .     (no cloak)
rCorr  .         Harm     .     (gloves unavailable)
MR     +....                    (boots unavailable)
Stlth  +.........               (no amulet)
                                (no ring)
                                f - ring of protection from fire

@: confused, very quick
A: unfitting armour, see invisible, deformed body, herbivore 3, speed 3, poison
resistance, slow metabolism 2, wild magic 1
a: Renounce Religion


Innate Abilities, Weirdness & Mutations

You are very small and have problems with some larger weapons.
You are too small for most types of armour.
You have supernaturally acute eyesight. (SInv)
You are a herbivore.
You cover ground extremely quickly.
You need consume almost no food.
Armour fits poorly on your strangely shaped body.
Your system is resistant to poisons. (rPois)
Your spells are a little harder to cast, but a little more powerful.

Inventory:

Hand Weapons
 a - a +0 dagger (weapon)
Armour
 j - a +0 robe (worn)
Jewellery
 f - a ring of protection from fire (left hand)
Wands
 k - a wand of iceblast (0/15)
Scrolls
 e - a scroll of teleportation
 h - 6 scrolls of remove curse
 i - 4 scrolls of amnesia
 q - a scroll of fog {unknown}
Potions
 d - a potion of lignification
 g - 2 potions of heal wounds
 l - 2 potions of agility
 m - 2 potions of invisibility
 n - a potion of flight {unknown}
 o - a potion of berserk rage {unknown}
 p - 2 potions of might {unknown}
Books
 b - a book of Flames

   Spells                             Type                      Level
   a - Flame Tongue                   Conjuration/Fire             1
   b - Throw Flame                    Conjuration/Fire             2
   c - Conjure Flame                  Conjuration/Fire             3
   d - Inner Flame                    Hexes/Fire                   3
   e - Sticky Flame                   Conjuration/Fire             4
   f - Fireball                       Conjuration/Fire             5
Comestibles
 c - a bread ration


   Skills:
 * Level 0.0 Short Blades
 - Level 4.4 Dodging
 + Level 5.3 Stealth
 + Level 4.7 Spellcasting
 * Level 3.4 Conjurations
 - Level 3.5 Hexes
 * Level 4.6 Fire Magic


You had 4 spell levels left.
You knew the following spells:

 Your Spells              Type           Power        Failure   Level  Hunger
a - Flame Tongue          Conj/Fire      ###..        4%          1    None
b - Conjure Flame         Conj/Fire      ###.....     14%         3    ###....
c - Sticky Flame          Conj/Fire      ###.....     36%         4    ####...
e - Inner Flame           Hex/Fire       ###.....     14%         3    ###....


You were on level 4 of the Dungeon.
You worshipped Vehumet.
Vehumet was noncommittal.
You were not hungry.

You visited 2 branches of the dungeon, and saw 6 of its levels.

You collected 183 gold pieces.

#(# #.###########
#.# #.##.........
#.###.....######
#..........##
#...........#####
#...............#
#...........###.#
#..#........#
#....##...#@###.#W
#.#.####..#l.?<..<.
# #. #...).[)..[#
#. #.W#......## #.
#..##.###... #....
... .. ........###
$ ###....... ..#.##

Notes
Turn   | Place    | Note
-------+----------+-------------------------------------------
     0 | D:1      | ololoev the Spriggan Fire Elementalist began the quest for the Orb.
     0 | D:1      | Reached XP level 1. HP: 9/9 MP: 5/5
   186 | D:1      | Reached skill level 1 in Conjurations
   246 | D:1      | Reached XP level 2. HP: 13/13 MP: 5/7
  1041 | D:2      | Reached XP level 3. HP: 13/16 MP: 4/8
  1046 | D:2      | Learned a level 3 spell: Inner Flame
  1814 | D:2      | Reached skill level 1 in Hexes
  1925 | D:2      | Gained mutation: Your spells are a little harder to cast, but a little more powerful. [potion of mutation]
  1925 | D:2      | Gained mutation: Your system is resistant to poisons. (rPois) [potion of mutation]
  1925 | D:2      | Gained mutation: Armour fits poorly on your strangely shaped body. [potion of mutation]
  1951 | D:2      | Reached XP level 4. HP: 21/21 MP: 6/9
  2192 | D:3      | Noticed Grinder
  2243 | D:3      | Paralysed by Grinder for 2 turns
  2408 | D:3      | Learned a level 3 spell: Conjure Flame
  2769 | D:3      | Paralysed by Grinder for 6 turns
  3295 | D:3      | Noticed Jessica
  3359 | D:3      | Killed Jessica
  3359 | D:3      | Reached XP level 5. HP: 12/24 MP: 0/11
  3534 | D:3      | Killed Grinder
  3534 | D:3      | Reached XP level 6. HP: 28/28 MP: 0/13
  3540 | D:3      | Learned a level 4 spell: Sticky Flame
  3927 | D:4      | You fall through a shaft!
  3927 | D:5      | Entered Level 5 of the Dungeon
  3948 | D:5      | Found a staircase to the Ecumenical Temple.
  3957 | Temple   | Entered the Ecumenical Temple
  3964 | Temple   | Became a worshipper of Vehumet
  4186 | D:5      | Noticed a sky beast
  4197 | D:5      | Killed a sky beast
  4197 | D:5      | Reached skill level 4 in Stealth
  4383 | D:5      | Reached XP level 7. HP: 32/32 MP: 5/14
  4541 | D:5      | Reached skill level 5 in Stealth
  4918 | D:4      | Noticed sergedm's ghost (amateur DECj)
  4970 | D:4      | Killed from afar by sergedm's ghost

Dungeon Overview and Level Annotations

Branches:
Dungeon (5/15)             Temple (1/1) D:5

Altars:
Ashenzari
Cheibriados
Fedhas
Gozag
Hepliaklqana
Qazlal
Trog
Uskayaw
Vehumet
Zin

Annotations:
D:4 sergedm's ghost, amateur DECj


Message History

Things that are here:
a dagger; a robe
j - a dagger Wield which item (- for none, * to show all)? (? for menu, Esc to quit)
j - a +0 dagger (weapon)
Adjust to which letter? (? for menu, Esc to quit)
a - a +0 dagger (weapon);
j - a +0 robe (worn)
(D) Dungeon (T) Temple
Where to? (Enter - D:5 @ (x,y), ? - help) Magic restored.
There is a stone staircase leading up here.
You climb upwards.
A giant cockroach comes into view.
There is a stone staircase leading down here.
The helpless giant cockroach fails to defend itself.
You impale the giant cockroach!!
You kill the giant cockroach!
Vehumet accepts your kill.
You see here a giant cockroach corpse.
You see here a giant cockroach corpse.
An orc comes into view. It is wielding a whip.
Found a scroll of magic mapping.
The orc shouts!
You hear a shout! x2 2 orcs come into view.
Found a leather armour.
Found two stone staircases leading up.
Casting: Conjure Flame
Confirm with . or Enter, or press ? or * to list all spells.
Aiming: Flame Tongue
Press: ? - help, Shift-Dir - straight line, f - orc
Aim: an orc, wielding a whip The flame tongue hits the orc.
You kill the orc!
Vehumet accepts your kill.
Casting: Flame Tongue
Confirm with . or Enter, or press ? or * to list all spells.
Aiming: Flame Tongue
Press: ? - help, Shift-Dir - straight line, f - orc
Aim: an orc, wearing a ring mail The flame tongue hits the orc.
You kill the orc!
Vehumet accepts your kill.
Casting: Flame Tongue
Confirm with . or Enter, or press ? or * to list all spells.
Aiming: Flame Tongue
Press: ? - help, Shift-Dir - straight line, f - orc
Aim: an orc, wielding a club The flame tongue hits the orc.
You kill the orc!
Vehumet accepts your kill.
Sergedm's ghost (amateur Deep Elf Conjurer) comes into view.
It is wielding a weapon of flaming.
Casting: Flame Tongue
Confirm with . or Enter, or press ? or * to list all spells.
You can't see any susceptible monsters within range! (Use Z to cast anyway.)
Press: ? - help, v - describe, . - travel
Here: sergedm's ghost, wielding a weapon of flaming The floor.
Found 13 stones.
You start resting.
Magic restored.
You see here 13 stones.
Sergedm's ghost is too close now for your liking.
Press: ? - help, v - describe, . - travel
Here: sergedm's ghost, wielding a weapon of flaming (hasn't noticed you)
The floor.
Unknown command.
You see here 13 stones.
An iguana comes into view.
The iguana hisses angrily.
Sergedm's ghost gestures at you while chanting.
The spray of energy hits you!
You are confused.
Found 6 gold pieces.
You're too confused to move!
You bump into the rock wall.
The iguana hisses menacingly.
Sergedm's ghost points at you and mumbles some strange words.
The orb of energy hits the iguana.
The orb of energy explodes!
The mystic blast hits you!
Ouch! That really hurt!
You die...

You could see an iguana and sergedm's ghost.

Vanquished Creatures
  Grinder (D:3)
  2 sky beasts (D:5)
  An ice beast (D:5)
  A scorpion (D:5)
  A howler monkey (D:5)
  A hound (D:5)
  A crimson imp (D:5)
  An orc priest (D:5)
  An orc wizard (D:5)
  Jessica (D:3)
  A worker ant (D:5)
  A hound skeleton (D:5)
  A worker ant zombie (D:5)
  6 adders
  A shadow imp (D:5)
  An ooze (D:2)
  3 worms
  2 dart slugs
  2 leopard geckos (D:3)
  14 orcs
  6 giant cockroaches
  10 goblins
  5 hobgoblins
  4 jackals (D:1)
  3 quokkas
  4 bats (D:1)
  A frilled lizard (D:1)
  7 kobolds
  7 rats
90 creatures vanquished.

Action                   |  1- 3 |  4- 6 |  7- 9 || total
-------------------------+-------+-------+-------++-------
Melee: Unarmed           |       |     1 |     2 ||     3
       Dagger            |       |       |     1 ||     1
 Cast: Flame Tongue      |    84 |   101 |    32 ||   217
       Inner Flame       |       |     5 |     1 ||     6
       Conjure Flame     |       |     5 |     2 ||     7
Evoke: Wand              |       |     1 |     2 ||     3
  Use: Scroll            |     4 |     4 |     1 ||     9
       Potion            |     1 |       |       ||     1
 Stab: Sleeping          |       |       |     1 ||     1
  Eat: Bread ration      |       |     1 |       ||     1
Armor: Robe              |     5 |     1 |       ||     6
Dodge: Dodged            |    32 |    46 |    10 ||    88

Vault maps used:
D:1:      lightli_arrival_flooded_house, corexii_corridor_pit
D:2:      nrook_mini_vaults
D:3:      uniq_grinder, uniq_jessica
D:4:      first_bread, serial_shops, shop
Temple:   compressed_dpeg_triangle_lava_temple
